 Dungeon Crawl Stone Soup version 0.18.1-6-gd335043 (webtiles) character file.

1205 zeroDi the Covert (level 8, -2/38 HPs)
             Began as a Vine Stalker Assassin on May 20, 2016.
             Was an Initiate of Okawaru.
             Killed by divine providence
             ... invoked by an orc priest
              (12 damage)
             ... on level 7 of the Dungeon.
             The game lasted 00:18:45 (4700 turns).

zeroDi the Covert (Vine Stalker Assassin)           Turns: 4700, Time: 00:18:46

Health: -2/38      AC:  8    Str: 13    XL:     8   Next: 45%
Magic:  0/9        EV: 11    Int: 11    God:    Okawaru [......]
Gold:   156        SH:  0    Dex: 19    Spells: 0 memorised, 7 levels left

rFire  + . .     SeeInvis +     a - +2 dagger
rCold  . . .     Gourm    .     I - +2 leather armour {rF+}
rNeg   . . .     Faith    .     (no shield)
rPois  .         Spirit   +     t - +0 helmet {SInv}
rElec  .         Dismiss  .     d - +0 cloak
rCorr  .         Reflect  .     (no gloves)
SustAt .         Harm     .     j - +0 pair of boots
MR     +....                    (no amulet)
Stlth  ++++......               (no ring)
                                (no ring)

@: somewhat resistant to hostile enchantments, stealthy
A: fangs 3, mutation resistance 1, regeneration 2, wild magic 1, magic shield,
antimagic bite, no device heal 3, rot immunity
a: Renounce Religion


You were on level 7 of the Dungeon.
You worshipped Okawaru.
Okawaru was noncommittal.
You were not hungry.

You visited 2 branches of the dungeon, and saw 8 of its levels.

You collected 287 gold pieces.
You spent 131 gold pieces at shops.


Innate Abilities, Weirdness & Mutations

You have razor-sharp teeth.
You heal very quickly.
When hurt, damage is shared between your health and your magic reserves.
Your bite disrupts and absorbs the magic of your enemies.
Potions and wands cannot restore your health.
You are immune to rotting.
You are somewhat resistant to further mutation.
Your spells are a little harder to cast, but a little more powerful.


   Skills:
 - Level 1.7 Fighting
 - Level 6.7 Short Blades
 - Level 1.7 Throwing
 - Level 0.7 Dodging
 * Level 10.1 Stealth


You had 7 spell levels left.
You didn't know any spells.

Inventory:

Hand Weapons
 a - a +2 dagger (weapon)
 b - a +1 blowgun
 m - a +1 dagger of holy wrath
Missiles
 e - 17 poisoned needles
 f - 2 curare-tipped needles {=f}
 y - 11 tomahawks (quivered)
Armour
 d - a +0 cloak (worn)
 j - a +0 pair of boots (worn)
 t - a +0 helmet of see invisible (worn)
 I - a +2 leather armour of fire resistance (worn)
Jewellery
 h - an uncursed ring of protection from fire {unknown}
 F - an uncursed amulet of harm {unknown}
Wands
 n - a wand of confusion (25/48)
 u - a wand of acid (0/15)
 x - a wand of flame (29/48)
 C - a wand of iceblast (6/15)
Scrolls
 k - 14 scrolls of identify {@r1}
 o - 4 scrolls of remove curse {unknown}
 q - a scroll of noise {!r}
 r - a scroll of teleportation {@r4}
 D - 2 scrolls of immolation {unknown}
 G - a scroll of recharging {unknown}
Potions
 l - 2 potions of heal wounds {@q2}
 v - 2 potions of haste {unknown}
 w - 2 potions of curing {@q1}
 z - 3 potions of cure mutation {unknown}
 A - a potion of mutation {!q}
 B - a potion of brilliance {unknown}
 H - a potion of invisibility {unknown}
 J - a potion of flight
Books
 p - a book of Flames

   Spells                             Type                      Level
   a - Flame Tongue                   Conjuration/Fire             1
   b - Throw Flame                    Conjuration/Fire             2
   c - Conjure Flame                  Conjuration/Fire             3
   d - Inner Flame                    Hexes/Fire                   3
   e - Sticky Flame                   Conjuration/Fire             4
   f - Fireball                       Conjuration/Fire             5
Comestibles
 g - 4 bread rations
 i - 7 fruits
 s - 3 beef jerkies

Dungeon Overview and Level Annotations

Branches:
Dungeon (7/15)             Temple (1/1) D:5

Altars:
Ashenzari
Dithmenos
Elyvilon
Fedhas
Gozag
Nemelex Xobeh
Okawaru
Qazlal
Ru
Sif Muna
Vehumet
Xom
Yredelemnul
Zin
Lugonu

Shops:
D:7 *

Annotations:
D:3 Grinder
D:5 Prince Ribbit

#.....................#
............[...(.....#
#......####........)..#
##...### ##..........#
#..### ##..........#
#.###### #.oo..o.....#
#.#.....###.####o######
........#).# #o#
..........## #@#
.........## #.#
%.(....(.# #.#### ##
.........# #....## .#
.........# ##.....##.#
...(.....# #.........#
#......(..# ##........##
#.........(.........!.##
.....(....#####.......#


You could see an orc warrior, an orc priest and an orc.


Message History

Firing (i - inventory. (,) - cycle):
e - 19 poisoned needles (quivered)
Press: ? - help, Shift-Dir - straight line, f/p - orc warrior
Aim: an orc warrior, wielding a mace and wearing a glowing chain mail You shoot a poisoned needle.
The poisoned needle hits the orc warrior.
The orc warrior is poisoned.
The orc warrior hits you but does no damage.
Firing (i - inventory. (,) - cycle):
e - 18 poisoned needles (quivered)
Press: ? - help, Shift-Dir - straight line, f/p - orc warrior
Aim: an orc warrior, wielding a mace and wearing a glowing chain mail (lightly wounded, poisoned)
You shoot a poisoned needle.
The poisoned needle closely misses the orc warrior.
The poisoned needle closely misses the orc.
The poisoned needle closely misses the orc priest.
The orc warrior hits you with a mace!
* * * LOW HITPOINT WARNING * * *
a - a +2 dagger (weapon)
The orc priest invokes the aid of Beogh against you.
Beogh smites you!
You die...

Action                   |  1- 3 |  4- 6 |  7- 9 || total
-------------------------+-------+-------+-------++-------
Melee: Dagger            |    85 |   145 |   190 ||   420
       Bite              |    17 |    39 |    66 ||   122
 Fire: Blowgun           |       |    29 |    12 ||    41
Throw: Javelin           |       |       |     4 ||     4
       Tomahawk          |       |       |     1 ||     1
Evoke: Wand              |       |     1 |     6 ||     7
  Use: Potion            |       |     6 |       ||     6
       Scroll            |       |     6 |     4 ||    10
 Stab: Sleeping          |    12 |    13 |    15 ||    40
       Distracted        |     1 |     1 |       ||     2
       Confused          |       |     2 |       ||     2
  Eat: Chunk             |       |     5 |     1 ||     6
       Meat ration       |       |       |     1 ||     1
       Fruit             |       |       |     2 ||     2
Armor: Robe              |    19 |    29 |    35 ||    83
       Leather armour    |       |       |     3 ||     3
Dodge: Dodged            |    40 |    47 |    65 ||   152

Vault maps used:
D:1:      dpeg_arrival_tiny_h, hangedman_feature_mirror, ashenzari_altar_1
D:3:      first_bread, elyvilon_altar_5, uniq_grinder, uniq_jessica
D:4:      lemuel_doored_altar
D:5:      grunt_temple_overflow_order_and_chaos_1,
          minmay_temple_entry_overgrown, uniq_blork_the_orc, uniq_prince_ribbit1
D:6:      grunt_temple_overflow_opulence, hex_tiny
D:7:      basic_altar, serial_shops, shop, grunt_qazlal_clouds
Temple:   corrupted_temple

Notes
Turn   | Place    | Note
--------------------------------------------------------------
     0 | D:1      | zeroDi the Vine Stalker Assassin began the quest for the Orb.
     0 | D:1      | Reached XP level 1. HP: 11/11 MP: 2/2
    28 | D:1      | Reached skill level 2 in Short Blades
    36 | D:1      | Reached XP level 2. HP: 13/15 MP: 3/3
   184 | D:1      | Reached skill level 3 in Short Blades
   247 | D:1      | Reached XP level 3. HP: 17/18 MP: 4/4
   312 | D:1      | Found a shattered altar of Ashenzari.
   864 | D:2      | Reached XP level 4. HP: 8/23 MP: 1/5
   866 | D:2      | Gained mutation: Your spells are a little harder to cast, but a little more powerful. [potion of mutation]
   866 | D:2      | Gained mutation: You are somewhat resistant to further mutation. [potion of mutation]
  1117 | D:2      | Reached skill level 4 in Short Blades
  1688 | D:3      | Noticed zeroDi's ghost (weakling VSAs)
  1705 | D:3      | Killed zeroDi's ghost
  1705 | D:3      | Reached XP level 5. HP: 19/26 MP: 6/6
  1711 | D:3      | Found a white marble altar of Elyvilon.
  1861 | D:3      | Noticed Jessica
  1873 | D:3      | Killed Jessica
  1873 | D:3      | Reached skill level 5 in Short Blades
  1933 | D:3      | Noticed a sky beast
  2026 | D:3      | Noticed Grinder
  2055 | D:4      | Gained mutation: You heal very quickly. [Vine Stalker growth]
  2055 | D:4      | Reached XP level 6. HP: 29/30 MP: 7/7
  2058 | D:4      | Found a deep blue altar of Sif Muna.
  2215 | D:4      | Reached skill level 6 in Short Blades
  2452 | D:4      | Reached XP level 7. HP: 34/34 MP: 8/8
  2606 | D:5      | Entered Level 5 of the Dungeon
  2606 | D:5      | Found a shimmering altar of Xom.
  2606 | D:5      | Found a glowing silver altar of Zin.
  2606 | D:5      | Noticed an angel
  2712 | D:5      | Found a staircase to the Ecumenical Temple.
  2713 | D:5      | Reached skill level 5 in Stealth
  2715 | D:5      | Noticed Prince Ribbit
  2898 | D:5      | Reached skill level 6 in Stealth
  3012 | D:5      | Noticed Blork the orc
  3038 | D:5      | Killed Blork the orc
  3038 | D:5      | Reached skill level 7 in Stealth
  3138 | Temple   | Entered the Ecumenical Temple
  3170 | Temple   | Became a worshipper of Warmaster Okawaru
  3619 | D:6      | Reached skill level 8 in Stealth
  3645 | D:6      | Found an opulent altar of Gozag.
  3646 | D:6      | Found a sparkling altar of Nemelex Xobeh.
  3651 | D:6      | Gained mutation: You have razor-sharp teeth. [Vine Stalker growth]
  3651 | D:6      | Reached XP level 8. HP: 38/38 MP: 9/9
  3832 | D:6      | Reached skill level 9 in Stealth
  4095 | D:7      | Found Jogeitia's General Store.
  4117 | D:7      | Bought 4 poisoned javelins for 89 gold pieces
  4117 | D:7      | Bought a scroll of teleportation for 42 gold pieces
  4125 | D:7      | Found a sparkling altar of Nemelex Xobeh.
  4163 | D:7      | Found a stormy altar of Qazlal.
  4429 | D:7      | HP: 1/38 [orc warrior/scimitar (11)]
  4562 | D:7      | Reached skill level 10 in Stealth
  4700 | D:7      | Killed from afar by an orc priest

Vanquished Creatures
  A sky beast (D:7)
  An ogre (D:4)
  Blork the orc (D:5)
  A giant frog (D:6)
  A water moccasin zombie (D:6)
  A scorpion (D:6)
  A wight (D:4)
  2 crimson imps (D:5)
  The ghost of zeroDi the Sneak, a weakling VSAs (D:3)
  A quasit (D:6)
  A jelly (D:6)
  4 orc wizards
  3 orc priests (D:7)
  A centaur skeleton (D:5)
  A hound (D:4)
  Jessica (D:3)
  2 worker ants
  2 iguanas
  9 adders
  A gnoll (D:6)
  A shadow imp (D:7)
  2 oozes
  An adder skeleton (D:3)
  2 worms
  6 dart slugs
  2 giant geckos
  13 orcs
  3 giant cockroaches
  9 goblins
  6 hobgoblins
  3 quokkas
  A ball python (D:1)
  7 bats
  5 giant newts
  9 kobolds
  7 rats
113 creatures vanquished.
